 Dungeon Crawl Stone Soup version 0.31.0-1-g2c135a0 (webtiles) character file.

Game seed: 4006237800602263966

373 nerdeater69 the Cudgeller (level 6, 0/61 HPs)
             Began as a Troll Berserker on Mar 19, 2024.
             Was a Believer of Trog.
             Incinerated by a bombardier beetle (3 damage)
             ... with a burning spray
             ... on level 4 of the Dungeon on Mar 20, 2024.
             The game lasted 00:30:59 (1679 turns).

nerdeater69 the Cudgeller (Troll Berserker)         Turns: 1679, Time: 00:30:59

Health: 0/61       AC:  4    Str: 28    XL:     6   Next: 43%
Magic:  5/5        EV: 15    Int:  3    God:    Trog [**....]
Gold:   200        SH:  0    Dex:  9    Spells: 5/5 levels left

rFire   . . .        a - +0 mace
rCold   . . .        (no shield)
rNeg    . . .        b - +0 animal skin
rPois   .            (helmet restricted)
rElec   .            (no cloak)
rCorr   .            (gloves unavailable)
SInv    .            (boots unavailable)
Will    .....        (no amulet)
Stlth   +            n - +5 ring of evasion
HPRegen 1.10/turn    (no ring)
MPRegen 0.09/turn

%: no passive effects
@: on fire, glowing
A: large, unfitting armour, claws 3, regeneration 1, shaggy fur 1, tough skin 1
a: Renounce Religion, Berserk, Trog's Hand


You were on level 4 of the Dungeon.
You worshipped Trog.
Trog was pleased with you.
You visited 1 branch of the dungeon, and saw 4 of its levels.

You collected 200 gold pieces.

Inventory:

Hand Weapons
 a - a +0 mace (weapon)
 i - a +0 short sword of draining
Missiles
 j - 27 stones
 l - 4 poisoned darts (quivered)
 p - 4 boomerangs
Armour
 b - a +0 animal skin (worn)
 s - a +0 cloak
Jewellery
 n - a +5 ring of evasion (left claw)
Talismans
 t - a talisman of death
Scrolls
 c - a scroll of teleportation
 e - 4 scrolls of identify {unknown}
 f - a scroll of enchant weapon {unknown}
 k - a scroll of noise {unknown}
 m - 2 scrolls of blinking {unknown}
 r - a scroll of immolation {unknown}
 u - a scroll of silence {unknown}
Potions
 d - a potion of heal wounds {unknown}
 g - 2 potions of ambrosia {unknown}
 h - a potion of curing {unknown}
 o - a potion of brilliance {unknown}
 q - 2 potions of attraction {unknown}


   Skills:
 + Level 3.5 Fighting
 + Level 5.1 Maces & Flails
 + Level 0.5 Throwing
 + Level 3.3 Dodging
 + Level 0.8 Stealth


You had 5 spell levels left.
You didn't know any spells.
Your spell library was empty.

Dungeon Overview and Level Annotations

Branches:
Dungeon (4/15)
 Temple: D:4-7

Altars:


Innate Abilities, Weirdness & Mutations

You are too large for most types of armour.
You have claws for hands.
Your natural rate of healing is unusually fast.
You are covered in fur. (AC +1)
You have tough skin. (AC +1)


Message History

You feel sick.
You are no longer poisoned.
The bombardier beetle sprays incendiary fluid at you.
The burning spray hits you.
You are even more covered in liquid fire!
You see here an adder corpse.
You hit the bombardier beetle but do no damage.
The liquid fire burns you!
You hit the bombardier beetle.
The bombardier beetle is lightly wounded.
The liquid fire burns you!
* * * LOW HITPOINT WARNING * * *
The bombardier beetle bites you.
* * * LOW HITPOINT WARNING * * *
You thump the bombardier beetle!
The bombardier beetle is severely wounded.
The liquid fire burns you!
* * * LOW HITPOINT WARNING * * *
The bombardier beetle sprays incendiary fluid at you.
The burning spray misses you.
Welcome back, nerdeater69 the Troll Berserker.
Trog says: Kill them all!
Press ? for a list of commands and other information.
Unknown command.
Unknown command.
You hit the bombardier beetle.
The bombardier beetle is severely wounded.
The liquid fire burns you!
* * * LOW HITPOINT WARNING * * *
You shake off some of the fire as you move.
The liquid fire burns you!
* * * LOW HITPOINT WARNING * * *
The bombardier beetle completely misses you.
There is an open door, spattered with blood here.
You shake off some of the fire as you move.
The liquid fire burns you!
* * * LOW HITPOINT WARNING * * *
You shake off some of the fire as you move.
The liquid fire burns you!
You die...

#.........#...
#.........#.... ######
#.........#..... #....#
#.........#?....##....#
#.........#...........#
#$........#.......†...#
#.........#.....##B#####
#.........#####+#......#
#<.)............@......#
#......................#
#......................#
#......................#
#......................#
######'###.......#######
.........#.......#
.........#.......#
.......).........#


You could see a bombardier beetle.

Vanquished Creatures
  A black bear (D:4)
  4 bombardier beetles
  An orc priest (D:4)
  An iguana (D:4)
  4 adders
  A dart slug (D:4)
  2 ribbon worms (D:2)
  5 orcs (D:4)
  4 bats
  5 endoplasms
  2 giant cockroaches
  4 goblins
  4 hobgoblins
  5 jackals
  3 quokkas
  7 ball pythons
  4 frilled lizards
  4 kobolds
  A rat (D:3)
62 creatures vanquished.

Notes
Turn   | Place    | Note
-------+----------+-------------------------------------------
     0 | D:1      | nerdeater69 the Troll Berserker began the quest for the
                  | Orb.
     0 | D:1      | Reached XP level 1. HP: 22/22 MP: 0/0
   206 | D:1      | Reached XP level 2. HP: 10/29 MP: 1/1
   209 | D:1      | Reached skill level 3 in Maces & Flails
   496 | D:2      | Reached XP level 3. HP: 36/36 MP: 2/2
   659 | D:2      | Reached ** piety under Trog
   906 | D:3      | Identified the +5 dagger of Zeloirghi {drain, Str+2}
   965 | D:3      | Reached XP level 4. HP: 32/45 MP: 3/3
  1201 | D:4      | Reached skill level 4 in Maces & Flails
  1201 | D:4      | Reached XP level 5. HP: 53/53 MP: 4/4
  1506 | D:4      | Reached XP level 6. HP: 31/61 MP: 5/5
  1575 | D:4      | Reached skill level 5 in Maces & Flails
  1676 | D:4      | HP: 3/61 [burnt (7)]
  1679 | D:4      | Incinerated by a bombardier beetle

Illustrated notes

Levels and vault maps discovered:
D:1:      minmay_arrival_diagonal_passages, layout_rooms,
          chequers_ecumenical_altar_twisty
D:2:      kennysheep_six_static_rooms, layout_basic, minmay_misc_feat_tower,
          roderic_cross_of_infinity, uniq_natasha
D:3:      layout_loops_ring, serial_shops, nicolae_shop_tiny_statue_garden,
          chequers_serial_rivers_room_b, grunt_decor_cap
D:4:      layout_gridville, chequers_serial_rivers_micro_c,
          uniq_crazy_yiuf_cottage, uniq_robin

Skill      XL: |  1  2  3  4  5  6 |
---------------+-------------------+-----
Maces & Flails | 3 4 5 |  5.1
Fighting       | 3 |  3.5
Dodging        | 3 |  3.3
Throwing       | |  0.5
Stealth        | |  0.8

Action                     |  1- 3 |  4- 6 || total
---------------------------+-------+-------++-------
  Melee: Mace              |   105 |   103 ||   208
         Punch             |     2 |     5 ||     7
  Throw: Dart              |       |     7 ||     7
    Use: Scroll            |       |     1 ||     1
   Stab: Sleeping          |     3 |       ||     3
 Armour: Animal skin       |    82 |    53 ||   135
  Dodge: Dodged            |    74 |    81 ||   155
